AoeStats
← AxD | Cad Bane

Arabia

507119485Analyzed
2v2 RM · 15d ago on Sep 16, 2026· 45m 32s· 4 players
Game mode
Random Map
Map size
Medium (4 player)
Population
200
Speed
Normal
Resources
Standard
Victory
Conquest
Starting age
Dark Age
Ending age
Imperial Age
RankedLock teamsTeams togetherTeam positionsShared explorationLock speedFull tech treeHidden civsTurbo modeCheats
Victory
Defeat
🇧🇷 Japanese · Brazil
1549
+19
🇧🇪 Dravidians · Belgium
1508
+20
🇨🇱 Saracens · Chile
1639
-21
🇦🇷 Goths · Argentina
1566
-18
血刃
5:51 Loom
8:55 Feudal Age
8:56 Man-at-Arms
11:24 Double-Bit Axe
12:45 Horse Collar
17:36 Fletching
18:05 Padded Archer Armor
23:16 Castle Age
23:21 Crossbowman
23:57 Bodkin Arrow
24:23 Bow Saw
25:15 Ballistics
30:21 Wheelbarrow
30:24 Leather Archer Armor
34:48 Forging
35:34 Bloodlines
35:27 Husbandry
35:39 Scale Barding Armor
42:03 Chain Barding Armor
45:15 Imperial Age
44:08 Light Cavalry
45:15 Cavalier
46:33 Iron Casting
Kilian
6:47 Loom
9:24 Feudal Age
12:11 Fletching
16:30 Padded Archer Armor
16:28 Double-Bit Axe
19:46 Horse Collar
22:59 Castle Age
22:17 Gold Mining
23:41 Bodkin Arrow
23:13 Crossbowman
27:49 Ballistics
27:58 Leather Archer Armor
30:17 Stone Mining
34:10 Scale Mail Armor
34:20 Forging
34:25 Squires
34:10 Arson
36:06 Chain Mail Armor
37:13 Wheelbarrow
37:31 Arson
38:49 Iron Casting
43:35 Imperial Age
42:46 Hand Cart
42:17 Town Watch
43:38 Heavy Plow
43:47 Pikeman
45:34 Conscription
45:15 Halberdier
AxD | Cad Bane
6:36 Loom
9:54 Feudal Age
17:18 Fletching
19:57 Padded Archer Armor
23:49 Castle Age
22:14 Double-Bit Axe
24:10 Crossbowman
24:53 Bodkin Arrow
25:50 Thumb Ring
37:36 Ballistics
42:06 Leather Archer Armor
44:59 Wheelbarrow
44:09 Town Watch
45:33 Bow Saw
AxD | Keiokenkun-Uno-Puro
6:51 Loom
9:16 Feudal Age
9:18 Man-at-Arms
13:57 Horse Collar
14:20 Double-Bit Axe
20:40 Bloodlines
21:05 Scale Barding Armor
25:23 Castle Age
23:20 Stone Mining
26:16 Scale Mail Armor
26:57 Bow Saw
27:39 Wheelbarrow
27:21 Gold Mining
28:08 Chain Mail Armor
29:49 Squires
31:05 Heavy Plow
32:05 Forging
37:07 Town Watch
38:27 Iron Casting
41:44 Imperial Age
39:12 Fletching
41:21 Chain Barding Armor
41:53 Hand Cart
42:13 Bloodlines
42:31 Husbandry
42:34 Cavalier
Connection lost

Rejoining the realm…

Still unreachable

The connection could not be restored.

Session expired

The server has moved on; the page needs a fresh start.